AoeStats
← TheQuietRiot

Arabia

503250195Analyzed
1v1 RM · 1mo ago on Aug 30, 2026· 42m 5s· 2 players
Game mode
Random Map
Map size
Tiny (2 player)
Population
200
Speed
Normal
Resources
Standard
Victory
Conquest
Starting age
Dark Age
Ending age
Imperial Age
RankedLock teamsTeams togetherTeam positionsShared explorationLock speedFull tech treeHidden civsTurbo modeCheats
Victory
Defeat
🇲🇽 Celts · Mexico
895
+17
🇬🇧 Britons · United Kingdom
916
-17
B1ack Mouth
0:47 Loom
1:54 Loom
2:30 Loom
3:01 Loom
3:21 Loom
3:47 Loom
4:16 Loom
5:06 Loom
5:37 Loom
10:28 Feudal Age
11:51 Arson
13:17 Wheelbarrow
14:03 Double-Bit Axe
17:47 Forging
17:56 Town Watch
19:34 Scale Barding Armor
29:29 Castle Age
27:28 Horse Collar
30:45 Town Patrol
31:14 Husbandry
34:12 Fletching
33:45 Light Cavalry
36:22 Gold Mining
36:26 Stone Mining
36:59 Hand Cart
43:18 Gold Shaft Mining
TheQuietRiot
7:33 Loom
10:15 Feudal Age
10:54 Double-Bit Axe
12:49 Fletching
13:41 Padded Archer Armor
18:26 Horse Collar
19:59 Stone Mining
20:00 Gold Mining
24:21 Castle Age
26:48 Bow Saw
28:58 Wheelbarrow
32:04 Bodkin Arrow
32:26 Leather Archer Armor
Connection lost

Rejoining the realm…

Still unreachable

The connection could not be restored.

Session expired

The server has moved on; the page needs a fresh start.